PA
SOUTH BEACH BLAZE @ GWINNETT COUNTY BLACK CATS
08/22/2028
 
TOP OF THE 1ST
South Beach Blaze batting - Pitching for Gwinnett County Black Cats : LHP Aimo Latva
Pitching: LHP Aimo Latva
Batting: RHB Giobbe Bastedo 0-0: Called Strike
0-1: Foul Ball, location: 2F
0-2: Ball
1-2: Strikes out swinging
Batting: RHB Harlan Peppers 0-0: Ball
1-0: Fly out, F7 (Flyball, 7)
Batting: LHB Sepulveda Zambrano 0-0: Ball
1-0: SINGLE (Groundball, 34D)
Batting: SHB Serious Lee 0-0: SINGLE (Groundball, 56S) (infield hit)
Sepulveda Zambrano to second
Batting: RHB Daniel Bertrand 0-0: Ground out U3 (Groundball, 3)
Top of the 1st over - 0 run(s), 2 hit(s), 0 error(s), 2 left on base; South Beach 0 - Gwinnett County 0
BOTTOM OF THE 1ST
Gwinnett County Black Cats batting - Pitching for South Beach Blaze : LHP Rob Ford
Pitching: LHP Rob Ford
Batting: RHB Sidney Mackell 0-0: Foul Ball, location: 2F
0-1: Swinging Strike
0-2: Strikes out swinging
Batting: RHB Juan Pedraza 0-0: Ball
1-0: Swinging Strike
1-1: Ball
2-1: Ball
3-1: Fly out, F8 (Line Drive, 8LM)
Batting: LHB Víctor Sánchez 0-0: Ball
1-0: Called Strike
1-1: Ground out 6-3 (Groundball, 6M)
Bottom of the 1st over - 0 run(s), 0 hit(s), 0 error(s), 0 left on base; South Beach 0 - Gwinnett County 0
TOP OF THE 2ND
South Beach Blaze batting - Pitching for Gwinnett County Black Cats : LHP Aimo Latva
Batting: RHB Shizuo Heiwajaima 0-0: Called Strike
0-1: Fly out, F8 (Line Drive, 78M)
Batting: RHB Ed Bowers 0-0: Ball
1-0: Called Strike
1-1: Foul Ball, location: 2F
1-2: Strikes out swinging
Batting: LHB Don Nordahl 0-0: Called Strike
0-1: Foul Ball, location: 2F
0-2: Foul Ball, location: 2F
0-2: Ball
1-2: Ball
2-2: Ball
3-2: Ground out 4-3 (Groundball, 4M)
Top of the 2nd over - 0 run(s), 0 hit(s), 0 error(s), 0 left on base; South Beach 0 - Gwinnett County 0
BOTTOM OF THE 2ND
Gwinnett County Black Cats batting - Pitching for South Beach Blaze : LHP Rob Ford
Batting: RHB Matt Jeong 0-0: Ground out 6-3 (Groundball, 6)
Batting: SHB Raúl Rodríguez 0-0: Ball
1-0: Ball
2-0: Foul Ball, location: 2F
2-1: Ball
3-1: Foul Ball, location: 2F
3-2: Base on Balls
Batting: RHB Chang-lit Min 0-0: Grounds into double play, 4-6-3 (Groundball, 34)
Bottom of the 2nd over - 0 run(s), 0 hit(s), 0 error(s), 0 left on base; South Beach 0 - Gwinnett County 0
TOP OF THE 3RD
South Beach Blaze batting - Pitching for Gwinnett County Black Cats : LHP Aimo Latva
Batting: LHB Raymond Graham 0-0: Ball
1-0: Ball
2-0: Called Strike
2-1: Foul Ball, location: 2F
2-2: Ground out 3-1 (Groundball, 34)
Batting: RHB Giobbe Bastedo 0-0: Called Strike
0-1: Ball
1-1: Ball
2-1: Ground out 5-3 (Groundball, 5)
Batting: RHB Harlan Peppers 0-0: Ball
1-0: Ball
2-0: Foul Ball, location: 2F
2-1: Ball
3-1: Base on Balls
Batting: LHB Sepulveda Zambrano 0-0: Fly out, F8 (Flyball, 8LS)
Top of the 3rd over - 0 run(s), 0 hit(s), 0 error(s), 1 left on base; South Beach 0 - Gwinnett County 0
BOTTOM OF THE 3RD
Gwinnett County Black Cats batting - Pitching for South Beach Blaze : LHP Rob Ford
Batting: LHB Edgardo De Jesús 0-0: Ball
1-0: Ball
2-0: Ball
3-0: Called Strike
3-1: Foul Ball, location: 2F
3-2: Base on Balls
Batting: RHB Kauna Aleferede 0-0: Ball
Edgardo De Jesús steals 2nd base
1-0: Swinging Strike
1-1: Ground out 5-3 (Groundball, 56)
Batting: RHB Rikky van Opel 0-0: Ball
1-0: Swinging Strike
1-1: Ball
2-1: Ball
3-1: Ground out 6-3 (Groundball, 6)
Edgardo De Jesús to third
Batting: RHB Sidney Mackell 0-0: Called Strike
0-1: SINGLE (Flyball, 8LS)
Edgardo De Jesús scores
Batting: RHB Juan Pedraza 0-0: Called Strike
0-1: Foul Ball, location: 2F
0-2: Ball
1-2: Strikes out swinging
Bottom of the 3rd over - 1 run(s), 1 hit(s), 0 error(s), 1 left on base; South Beach 0 - Gwinnett County 1
TOP OF THE 4TH
South Beach Blaze batting - Pitching for Gwinnett County Black Cats : LHP Aimo Latva
Batting: SHB Serious Lee 0-0: Ball
1-0: Called Strike
1-1: Ball
2-1: Swinging Strike
2-2: Foul Ball, location: 2F
2-2: Strikes out swinging
Batting: RHB Daniel Bertrand 0-0: Called Strike
0-1: Ball
1-1: Foul Ball, location: 2F
1-2: Strikes out looking
Batting: RHB Shizuo Heiwajaima 0-0: Ball
1-0: Ball
2-0: Foul Ball, location: 2F
2-1: DOUBLE (Flyball, 78M)
Batting: RHB Ed Bowers 0-0: Ball
1-0: Ball
2-0: Called Strike
2-1: Foul Ball, location: 2F
2-2: DOUBLE (Line Drive, 89D)
Shizuo Heiwajaima scores
Batting: LHB Don Nordahl 0-0: Foul Ball, location: 2F
0-1: Ball
1-1: Swinging Strike
1-2: Strikes out swinging
Top of the 4th over - 1 run(s), 2 hit(s), 0 error(s), 1 left on base; South Beach 1 - Gwinnett County 1
BOTTOM OF THE 4TH
Gwinnett County Black Cats batting - Pitching for South Beach Blaze : LHP Rob Ford
Batting: LHB Víctor Sánchez 0-0: Ball
1-0: Called Strike
1-1: Ball
2-1: Foul Ball, location: 2F
2-2: Ball
3-2: Strikes out looking
Batting: RHB Matt Jeong 0-0: Ground out 4-3 (Groundball, 4)
Batting: SHB Raúl Rodríguez 0-0: Called Strike
0-1: Foul Ball, location: 2F
0-2: Ball
1-2: Ball
2-2: Foul Ball, location: 2F
2-2: Ball
3-2: Ground out 6-3 (Groundball, 6)
Bottom of the 4th over - 0 run(s), 0 hit(s), 0 error(s), 0 left on base; South Beach 1 - Gwinnett County 1
TOP OF THE 5TH
South Beach Blaze batting - Pitching for Gwinnett County Black Cats : LHP Aimo Latva
Batting: LHB Raymond Graham 0-0: Ball
1-0: Foul Ball, location: 2F
1-1: Foul Ball, location: 2F
1-2: Strikes out swinging
Batting: RHB Giobbe Bastedo 0-0: Ball
1-0: Ground out 5-3 (Groundball, 56)
Batting: RHB Harlan Peppers 0-0: Fly out, F8 (Flyball, 8LD)
Top of the 5th over - 0 run(s), 0 hit(s), 0 error(s), 0 left on base; South Beach 1 - Gwinnett County 1
BOTTOM OF THE 5TH
Gwinnett County Black Cats batting - Pitching for South Beach Blaze : LHP Rob Ford
Batting: RHB Chang-lit Min 0-0: Ball
1-0: Ball
2-0: Called Strike
2-1: Ball
3-1: Base on Balls
Batting: LHB Edgardo De Jesús 0-0: Sac Bunt - play at first, batter OUT! 1-3
Chang-lit Min to second
Batting: RHB Kauna Aleferede 0-0: Ball
1-0: Called Strike
1-1: Swinging Strike
1-2: Strikes out looking and he ARGUES THE CALL AND IS TOSSED!
Batting: RHB Rikky van Opel 0-0: Ball
1-0: Ball
2-0: Fly out, F9 (Flyball, 9S)
Bottom of the 5th over - 0 run(s), 0 hit(s), 0 error(s), 1 left on base; South Beach 1 - Gwinnett County 1
TOP OF THE 6TH
South Beach Blaze batting - Pitching for Gwinnett County Black Cats : LHP Aimo Latva
Now at 2B: Scott McMahon
Batting: LHB Sepulveda Zambrano 0-0: Called Strike
0-1: Called Strike
0-2: Fly out, F7 (Flyball, 7)
Batting: SHB Serious Lee 0-0: Swinging Strike
0-1: Ball
1-1: Swinging Strike
1-2: Strikes out looking
Batting: RHB Daniel Bertrand 0-0: Ball
1-0: SOLO HOME RUN (Flyball, 9D), Distance : 357 ft
Batting: RHB Shizuo Heiwajaima 0-0: Called Strike
0-1: Called Strike
0-2: Strikes out swinging
Top of the 6th over - 1 run(s), 1 hit(s), 0 error(s), 0 left on base; South Beach 2 - Gwinnett County 1
BOTTOM OF THE 6TH
Gwinnett County Black Cats batting - Pitching for South Beach Blaze : LHP Rob Ford
Batting: RHB Sidney Mackell 0-0: Ball
1-0: Called Strike
1-1: Ball
2-1: Ball
3-1: Ground out 6-3 (Groundball, 6)
Batting: RHB Juan Pedraza 0-0: Ball
1-0: Ball
2-0: Called Strike
2-1: Ball
3-1: Base on Balls
Batting: LHB Víctor Sánchez 0-0: Ball
1-0: Swinging Strike
1-1: 2-RUN HOME RUN (Flyball, 7D), Distance : 384 ft
Batting: RHB Matt Jeong 0-0: Foul Ball, location: 2F
0-1: Foul Ball, location: 2F
0-2: Ball
1-2: Fly out, F8 (Flyball, 8LM)
Batting: SHB Raúl Rodríguez 0-0: Ball
1-0: Called Strike
1-1: Ball
2-1: Ball
3-1: Foul Ball, location: 2F
3-2: SINGLE (Groundball, 56) (infield hit)
Batting: RHB Chang-lit Min 0-0: 2-RUN HOME RUN (Line Drive, 8RXD), Distance : 453 ft
Pitching: LHP Luis Oropeza
Batting: LHB Edgardo De Jesús 0-0: Ground out 4-3 (Groundball, 4)
Bottom of the 6th over - 4 run(s), 3 hit(s), 0 error(s), 0 left on base; South Beach 2 - Gwinnett County 5
TOP OF THE 7TH
South Beach Blaze batting - Pitching for Gwinnett County Black Cats : LHP Aimo Latva
Batting: RHB Ed Bowers 0-0: Ball
1-0: Foul Ball, location: 2F
1-1: Ball
2-1: Ball
3-1: Base on Balls
Batting: LHB Don Nordahl 0-0: Called Strike
0-1: Ball
1-1: Bunt missed!
1-2: Foul Ball, location: 2F
1-2: Fly out, F8 (Flyball, 8LM)
Batting: LHB Raymond Graham 0-0: Called Strike
0-1: Ball
1-1: Called Strike
1-2: Foul Ball, location: 2F
1-2: Fly out, F8 (Flyball, 78M)
Batting: RHB Giobbe Bastedo 0-0: Foul Ball, location: 2F
0-1: Hit by Pitch
Ed Bowers to second
Batting: RHB Harlan Peppers 0-0: Called Strike
0-1: Ball
1-1: Swinging Strike
1-2: Foul Ball, location: 2F
1-2: Ball
2-2: Foul Ball, location: 2F
2-2: Foul Ball, location: 2F
2-2: Ball
3-2: Strikes out swinging
Top of the 7th over - 0 run(s), 0 hit(s), 0 error(s), 2 left on base; South Beach 2 - Gwinnett County 5
BOTTOM OF THE 7TH
Gwinnett County Black Cats batting - Pitching for South Beach Blaze : LHP Luis Oropeza
Batting: RHB Scott McMahon 0-0: Ball
1-0: Ground out 6-3 (Groundball, 6M)
Batting: RHB Rikky van Opel 0-0: Ball
1-0: Foul Ball, location: 2F
1-1: Fly out, F7 (Flyball, 7S)
Batting: RHB Sidney Mackell 0-0: Called Strike
0-1: Ball
1-1: Ball
2-1: Ball
3-1: Base on Balls
Batting: RHB Juan Pedraza 0-0: Called Strike
0-1: Called Strike
0-2: Ball
1-2: Ball
2-2: Ground out 1-3 (Groundball, 13S)
Bottom of the 7th over - 0 run(s), 0 hit(s), 0 error(s), 1 left on base; South Beach 2 - Gwinnett County 5
TOP OF THE 8TH
South Beach Blaze batting - Pitching for Gwinnett County Black Cats : LHP Aimo Latva
Batting: LHB Sepulveda Zambrano 0-0: Ball
1-0: SINGLE (Groundball, 34D)
Batting: SHB Serious Lee 0-0: Ball
1-0: Swinging Strike
1-1: Foul Ball, location: 2F
1-2: Grounds into double play, 5-4-3 (Groundball, 5L)
Batting: RHB Daniel Bertrand 0-0: Fly out, F9 (Flyball, 9)
Top of the 8th over - 0 run(s), 1 hit(s), 0 error(s), 0 left on base; South Beach 2 - Gwinnett County 5
BOTTOM OF THE 8TH
Gwinnett County Black Cats batting - Pitching for South Beach Blaze : LHP Luis Oropeza
Batting: LHB Víctor Sánchez 0-0: Ball
1-0: Foul Ball, location: 2F
1-1: Ball
2-1: Called Strike
2-2: Ball
3-2: Ground out 5-3 (Groundball, 56S)
Batting: RHB Matt Jeong 0-0: Ball
1-0: Ground out 5-3 (Groundball, 5)
Batting: SHB Raúl Rodríguez 0-0: Swinging Strike
0-1: Ball
1-1: Ball
2-1: Ball
3-1: Base on Balls
Batting: RHB Chang-lit Min 0-0: Ball
1-0: Ball
2-0: Foul Ball, location: 2F
2-1: Foul Ball, location: 2F
2-2: Reached on error, E4 (Groundball, 4)
Raúl Rodríguez to second
Batting: LHB Edgardo De Jesús 0-0: Called Strike
0-1: Foul Ball, location: 2F
0-2: Strikes out swinging
Bottom of the 8th over - 0 run(s), 0 hit(s), 1 error(s), 2 left on base; South Beach 2 - Gwinnett County 5
TOP OF THE 9TH
South Beach Blaze batting - Pitching for Gwinnett County Black Cats : LHP Aimo Latva
Pitching: RHP Ming-hoa Zhou
Batting: RHB Shizuo Heiwajaima 0-0: Ground out 1-3 (Groundball, 15S)
Batting: RHB Ed Bowers 0-0: Ball
1-0: SINGLE (Line Drive, 56)
Batting: LHB Don Nordahl 0-0: Called Strike
0-1: Called Strike
0-2: Ball
1-2: Grounds into double play, 6-4-3 (Groundball, 6)
Top of the 9th over - 0 run(s), 1 hit(s), 0 error(s), 0 left on base; South Beach 2 - Gwinnett County 5
Monday, August 28th, 2017 - OOTP Baseball 17.12 Build 75